 Dungeon Crawl Stone Soup version 0.16-a0-3625-g2624681 (webtiles) character file.

3425 PolkaDot the Grappler (level 9, -6/89 HPs)
             Began as a Grey Draconian Monk on Jan 14, 2015.
             Was a Believer of Ashenzari.
             Shot with an arrow by a centaur (15 damage)
             ... on level 8 of the Dungeon.
             The game lasted 00:23:07 (8924 turns).

PolkaDot the Grappler (Grey Draconian Monk)         Turns: 8924, Time: 00:23:08

Health: -6/89      AC: 12    Str: 16    XL:     9   Next: 76%
Magic:  9/9        EV: 15    Int: 14    God:    Ashenzari [**....]
Gold:   395        SH:  0    Dex: 13    Spells: 0 memorised, 8 levels left

rFire  + . .     SeeInvis .       - Unarmed
rCold  . . .     Clarity  .     (armour unavailable)
rNeg   . . .     SustAb   .     (no shield)
rPois  .         Gourm    .     (helmet restricted)
rElec  .         Spirit   .     (no cloak)
rCorr  .         Warding  .     (no gloves)
rMut   .         Rnd*Tele +     (no boots)
MR     .....                    (no amulet)
Stlth  +++.......               p - ring of protection from fire
                                e - ring of stealth

@: very slightly contaminated, not resistant to hostile enchantments, fairly
stealthy
A: walk through water, unfitting armour, robust 1, strong 1, teleportitis 1,
unbreathing, cold-blooded, AC +12
a: Renounce Religion


You were on level 8 of the Dungeon.
You worshipped Ashenzari.
Ashenzari was pleased with you.
You were not hungry.

You visited 2 branches of the dungeon, and saw 9 of its levels.
You also visited: Sewer.

You collected 395 gold pieces.

Inventory:

Hand weapons
 b - the +7 long sword of Focus {freeze, +Blink rElec MR+ MP-9 Dex+2}
   (You took it off a crimson imp on level 6 of the Dungeon)

   It has been specially enchanted to freeze those struck by it, causing extra
   injury to most foes and up to half again as much damage against particularly
   susceptible opponents.
   It can also slow down cold-blooded creatures.
   It affects your dexterity (+2).
   It insulates you from electricity.
   It affects your resistance to hostile enchantments.
   It affects your magic capacity (-9).
   It lets you blink.
Jewellery
 e - a ring of stealth (left hand)
 m - an uncursed ring of stealth
 p - a ring of protection from fire (right hand)
Magical devices
 o - a wand of paralysis (0)
 r - a wand of hasting (5)
Scrolls
 c - a scroll of immolation
 d - a scroll of magic mapping
 h - 2 scrolls of fog
 j - 4 scrolls of curse armour
 k - a scroll of enchant weapon {unknown}
 n - 2 scrolls of recharging
 q - a scroll of noise {unknown}
 s - a scroll of identify
 t - a scroll of teleportation {unknown}
Potions
 v - a potion of cancellation
Comestibles
 a - a chunk of flesh
 f - a bread ration
 i - 5 fruits
 u - 2 royal jellies


   Skills:
 + Level 8.3 Fighting
 + Level 7.0 Dodging
 - Level 1.7 Stealth
 * Level 10.6 Unarmed Combat


You had 8 spell levels left.
You didn't know any spells.

Dungeon Overview and Level Annotations

Branches:
Dungeon (8/15)             Temple (1/1) D:7
   Lair: D:8-11

Altars:
Ashenzari
Cheibriados
Dithmenos
Elyvilon
Fedhas
Gozag
Kikubaaqudgha
Makhleb
Nemelex Xobeh
Okawaru
Qazlal
Ru
Sif Muna
Trog
Vehumet
Xom
Yredelemnul
The Shining One


Innate Abilities, Weirdness & Mutations

You can walk through water.
Your dull iron-grey scales are very hard (AC +12).
Your body does not fit into most forms of armour.
You can survive without breathing.
Your cold-blooded metabolism reacts poorly to cold.
You are robust (+10% HP).
Your muscles are strong. (Str +2)
Space occasionally distorts in your vicinity.


Message History

The bat misses you.
There is a stone staircase leading up here.
You barely miss the bat. The bat barely misses you.
You closely miss the bat. You tail-slap the bat.
The bat is severely wounded.
The bat closely misses you.
You punch the bat!
You kill the bat!
You hear a grinding noise.
You see here a bat corpse.
You butcher the bat corpse.
a - a chunk of flesh You hear a grinding noise.
The centaur wields an uncursed shortbow.
The centaur shoots an arrow.
The arrow hits you but does no damage.
There is a stone staircase leading up here.
You see here an arrow.
The centaur shoots an arrow.
The arrow barely misses you.
The centaur shoots an arrow.
The arrow hits you!
You die...

###..## .>.....# ##........
##..# ,....#.# #..#..#..#
##.# *##c# ###.##..#.## #.#
####.####.......#... #.# #
#..b.........##..... #.#
#.#.##.####.### #.#... **#.#
#.........^.#####.#... ,
*#l#*#.#.............#.....
,, ,... .
#..@................ >
,.....,,#..(................
.......,##..................
* ..###....
########........... ###
*....# ##.......... ####
##...##...# ##########


You could see a centaur.

Vanquished Creatures
  Grinder (D:4)
  The ghost of PolkaDot the Insei, an average DrMo (Sewer)
  A hippogriff (D:8)
  A soldier ant (D:8)
  2 ogres
  3 black bears
  3 centaurs
  6 giant frogs
  A gnoll sergeant (D:7)
  7 scorpions
  2 crimson imps
  A giant frog zombie (D:7)
  A goliath beetle (D:7)
  6 orc priests
  5 hounds
  A giant frog skeleton (D:7)
  9 orc wizards
  2 iguanas
  A killer bee zombie (D:7)
  4 worker ants
  2 hound skeletons (D:4)
  14 adders
  9 gnolls
  A worm (D:2)
  4 giant mites
  An adder skeleton (D:4)
  3 oozes
  33 orcs
  4 ball pythons
  12 bats
  6 hobgoblins
  2 quokkas
  10 giant cockroaches
  8 giant geckos
  12 giant newts
  A giant spore (D:6)
  9 goblins
  15 jackals
  10 kobolds
  13 rats
  2 fungi (D:7)
229 creatures vanquished.

Vanquished Creatures (others)
  An orc wizard (D:4)
  A fungus (D:7)
2 creatures vanquished.

Grand Total: 231 creatures vanquished

Notes
Turn   | Place    | Note
--------------------------------------------------------------
     0 | D:1      | PolkaDot, the Draconian Monk, began the quest for the Orb.
     0 | D:1      | Reached XP level 1. HP: 19/19 MP: 1/1
   347 | D:1      | Reached XP level 2. HP: 26/26 MP: 2/2
   781 | D:2      | Found a white marble altar of Elyvilon.
  1215 | D:2      | Reached XP level 3. HP: 8/33 MP: 3/3
  1895 | D:3      | Reached XP level 4. HP: 24/40 MP: 4/4
  1998 | D:3      | Found a glowing drain.
  2005 | Sewer    | Entered a sewer
  2028 | Sewer    | Noticed PolkaDot's ghost (average DrMo)
  2037 | Sewer    | Reached skill level 5 in Unarmed Combat
  2103 | Sewer    | Killed PolkaDot's ghost
  2103 | Sewer    | Reached XP level 5. HP: 27/47 MP: 5/5
  2469 | Sewer    | Noticed a giant frog
  2487 | Sewer    | Killed a giant frog
  2487 | Sewer    | Reached XP level 6. HP: 46/55 MP: 6/6
  2571 | D:3      | Reached skill level 6 in Unarmed Combat
  2760 | D:3      | Reached skill level 5 in Fighting
  3005 | D:4      | Noticed Grinder
  3015 | D:4      | Paralysed by Grinder for 4 turns
  3361 | D:4      | Found a stormy altar of Qazlal.
  3362 | D:4      | Noticed a fire elemental
  3366 | D:4      | Noticed a water elemental
  3368 | D:4      | Noticed an air elemental
  3504 | D:4      | Your scales start taking on a dull iron-grey colour.
  3504 | D:4      | Gained mutation: You can survive without breathing. [draconian maturity]
  3504 | D:4      | Reached XP level 7. HP: 49/61 MP: 7/7
  4014 | D:4      | Found an opulent altar of Gozag.
  4138 | D:5      | Entered Level 5 of the Dungeon
  4246 | D:5      | Reached skill level 5 in Dodging
  4246 | D:5      | Reached skill level 7 in Unarmed Combat
  4631 | D:5      | Reached XP level 8. HP: 58/70 MP: 8/8
  4687 | D:5      | Found a radiant altar of Vehumet.
  5178 | D:6      | Found a burning altar of Makhleb.
  5214 | D:6      | Reached skill level 8 in Unarmed Combat
  5498 | D:6      | Found a sparkling altar of Nemelex Xobeh.
  5762 | D:6      | Got an encrusted long sword
  5763 | D:6      | Identified the +7 long sword of Focus {freeze, +Blink rElec MR+ MP-9 Dex+2} (You took it off a crimson imp on level 6 of the Dungeon)
  6174 | D:7      | Reached skill level 9 in Unarmed Combat
  6178 | D:7      | Found a staircase to the Ecumenical Temple.
  6187 | Temple   | Entered the Ecumenical Temple
  6482 | Temple   | Became a worshipper of Ashenzari the Shackled
  6482 | Temple   | Acquired Ashenzari's first power
  6674 | D:7      | Reached XP level 9. HP: 64/79 MP: 9/9
  7499 | D:7      | Gained mutation: You are robust (+10% HP). [potion of mutation]
  7499 | D:7      | Gained mutation: Space occasionally distorts in your vicinity. [potion of mutation]
  7499 | D:7      | Gained mutation: Your muscles are strong. (Str +2) [potion of mutation]
  7975 | D:7      | Reached skill level 10 in Unarmed Combat
  8254 | D:4      | Killed Grinder
  8924 | D:8      | Shot with an arrow by a centaur

Action                   |  1- 3 |  4- 6 |  7- 9 || total
-------------------------+-------+-------+-------++-------
Melee: Unarmed           |   128 |   205 |   623 ||   956
Evoke: Wand              |       |       |     5 ||     5
  Use: Scroll            |     3 |     1 |     7 ||    11
       Potion            |       |     6 |     8 ||    14
 Stab: Sleeping          |     3 |     3 |    19 ||    25
       Distracted        |       |       |     1 ||     1
  Eat: Chunk             |     3 |     1 |    15 ||    19
       Bread ration      |       |     2 |       ||     2
